AoeStats
← 三十分钟后没有我

MegaRandom

510280396Analyzed
4v4 RM · 2d ago on Sep 30, 2026· 36m 56s· 8 players
Game mode
Random Map
Map size
Large (8 player)
Population
200
Speed
Normal
Resources
Standard
Victory
Conquest
Starting age
Dark Age
Ending age
Imperial Age
RankedLock teamsTeams togetherTeam positionsShared explorationLock speedFull tech treeHidden civsTurbo modeCheats
Victory
Defeat
🇮🇹 Varangians · Italy
1565
+11
🇨🇳 Saxons · China
1415
+17
🇦🇷 Italians · Argentina
1413
+17
🇨🇳 Spanish · China
1318
+20
🇮🇹 Huns · Italy
1505
-20
🇳🇱 Tatars · Netherlands
1432
-16
🇭🇰 Bengalis · Hong Kong SAR China
1429
-16
🇩🇪 Mongols · Germany
1361
-13
明征北大将军
4:00 Loom
10:07 Feudal Age
11:22 Double-Bit Axe
24:02 Castle Age
24:44 Fletching
28:48 Imperial Age
27:11 Wheelbarrow
26:22 Town Watch
26:51 Horse Collar
27:53 Scale Barding Armor
28:50 Bloodlines
28:40 Husbandry
28:53 Light Cavalry
35:38 Bow Saw
36:44 Forging
36:55 Chain Barding Armor
Stanislav
2:34 Loom
9:54 Feudal Age
12:48 Double-Bit Axe
14:36 Town Watch
16:14 Fishing Lines
18:40 Castle Age
17:16 Fletching
18:06 Padded Archer Armor
22:35 Bodkin Arrow
23:24 Husbandry
24:48 Bloodlines
27:26 Ballistics
32:11 Scale Barding Armor
32:17 Forging
33:02 Horse Collar
35:47 Gillnets
37:01 Wheelbarrow
C0R0NA
4:28 Loom
9:47 Feudal Age
12:50 Double-Bit Axe
17:13 Castle Age
18:44 Town Watch
31:46 Imperial Age
36:17 Fletching
Zoccolo Fitusu
9:58 Feudal Age
9:07 Loom
13:47 Castle Age
13:22 Fletching
14:29 Bodkin Arrow
15:06 Padded Archer Armor
15:21 Double-Bit Axe
17:36 Horse Collar
24:14 Wheelbarrow
34:10 Hand Cart
36:33 Thumb Ring
昊帅气
11:21 Feudal Age
14:54 Castle Age
13:16 Horse Collar
14:30 Bloodlines
17:04 Light Cavalry
20:22 Scale Barding Armor
21:05 Husbandry
25:34 Forging
28:22 Chain Barding Armor
31:25 Double-Bit Axe
36:29 Wheelbarrow
35:39 Town Watch
35:39 Loom
37:21 Iron Casting
Laki
10:20 Feudal Age
12:17 Loom
15:27 Castle Age
17:33 Wheelbarrow
19:05 Forging
21:55 Scale Mail Armor
22:39 Double-Bit Axe
24:39 Chain Mail Armor
26:44 Hand Cart
37:54 Imperial Age
三十分钟后没有我
2:18 Loom
10:30 Feudal Age
14:29 Castle Age
12:48 Double-Bit Axe
13:38 Fletching
16:00 Wheelbarrow
15:37 Bow Saw
16:52 Horse Collar
20:23 Pikeman
21:18 Scale Mail Armor
22:13 Gold Mining
23:45 Bodkin Arrow
25:28 Stone Mining
28:07 Ballistics
29:36 Padded Archer Armor
32:33 Imperial Age
33:53 Hand Cart
35:12 Chemistry
37:13 Silk Road
38:02 Two-Man Saw
37:16 Bracer
男高抗压位
5:06 Loom
12:39 Feudal Age
14:42 Double-Bit Axe
17:23 Castle Age
16:18 Horse Collar
21:18 Padded Archer Armor
35:07 Bow Saw
38:03 Wheelbarrow
Connection lost

Rejoining the realm…

Still unreachable

The connection could not be restored.

Session expired

The server has moved on; the page needs a fresh start.